[Event "*** SCC Grand Prix: Titled Tuesday Blitz"]
[Site "Chess.com"]
[Date "2020.07.21"]
[Round "7"]
[White "ExcitingTrap"]
[Black "Angel_Hranitel_37"]
[Result "1-0"]
[WhiteElo "2224"]
[BlackElo "2367"]
[TimeControl "180+1"]
[EndTime "11:18:15 PDT"]
[Termination "ExcitingTrap won by checkmate"]

1. e4 c5 2. Nf3 e6 3. g3 d5 4. exd5 exd5 5. d4 Nc6 6. Bg2 Bg4 7. O-O cxd4 8. h3 Bxf3 9. Qxf3 Nf6 10. Bg5 Be7 11. Nd2 O-O 12. Rad1 Rc8 13. Nb3 h6 14. Bc1 Nb4 15. Nxd4 Nxc2 16. Nxc2 Rxc2 17. Qb3 Qc8 18. Be3 a6 19. Bd4 Rc4 20. Rfe1 Bd8 21. Be5 Re8 22. Kh2 b5 23. Bxf6 Bxf6 24. Bxd5 Rc7 25. Kg2 Rxe1 26. Rxe1 Qd7 27. Re2 Kh7 28. Qd3+ g6 29.
Qf3 Kg7 30. h4 h5 31. Bb3 Qg4 32. Qxg4 hxg4 33. Re4 Rc1 34. Rxg4 Bxb2 35. Re4 Rc7 36. Re2 Bf6 37. Kh3 a5 38. Rc2 Rd7 39. Rc6 a4 40.
Bc2 Rd2 41. Be4 Rxf2 42. Rc7 Rxa2 43. Bd5 Be5 44. Rxf7+ Kh6 45. Bxa2 b4 46. g4 b3 47. g5+ Kh5 48. Rh7# 1-0

[Event "*** SCC Grand Prix: Titled Tuesday Blitz"]
[Site "Chess.com"]
[Date "2020.07.21"]
[Round "7"]
[White "Sashadav97"]
[Black "GMHess"]
[Result "1-0"]
[WhiteElo "2616"]
[BlackElo "2758"]
[TimeControl "180+1"]
[EndTime "11:18:16 PDT"]
[Termination "Sashadav97 won by resignation"]

1. d4 g6 2. e4 Bg7 3. c4 d6 4.
Nf3 e6 5. Be2 Ne7 6. h4 Nd7 7. h5 a6 8. Nc3 b6 9. Be3 Bb7 10. Qc2 Nf6 11. h6 Bf8 12. Nd2 Qd7 13. O-O-O O-O-O 14. c5 b5 15. a4 b4 16. Na2 a5 17. f3 Nh5 18. Nc4 Ng3 19. cxd6 Nxe2+ 20. Qxe2 Qxa4 21. dxe7 Bxe7 22. Qc2 Qxa2 23. Kd2 b3 24. Qd3 Qa4 25. Ke2 Qb4 26. Bd2 Qb5 27. Nxa5 Ba6 28. Qxb5 Bxb5+ 29. Ke3 e5 30. Bc3 Bg5+ 31. Kf2 exd4 32.
Bxd4 Rhe8 33. Nxb3 f5 34. Nc5 Be7 35. Ne6 Bh4+ 36. Rxh4 Rxe6 37. exf5 gxf5 38. Re1 Rxe1 39. Kxe1 Re8+ 40. Kf2 Re2+ 41. Kg1 Rc2 42. Rh5 Rd2 43. Rxf5 Rxd4 44. Rxb5 Rd6 45. Rh5 Rb6 46. Kh2 Kd7 47. g4 Ke7 48. Kg3 Rxb2 49. Rg5 Kf6 50. Rg7 c5 51.
Rxh7 Kg6 52. Rc7 Kxh6 53. Rc6+ Kg7 54. Rxc5 Kf6 55. Kf4 Rb4+ 56. Kg3 Ra4 57. Rc6+ Kg5 58. f4+ 1-0

[Event "*** SCC Grand Prix: Titled Tuesday Blitz"]
[Site "Chess.com"]
[Date "2020.07.21"]
[Round "7"]
[White "mattcolins2025"]
[Black "VladaSviridova"]
[Result "1-0"]
[WhiteElo "2396"]
[BlackElo "2122"]
[TimeControl "180+1"]
[EndTime "11:18:16 PDT"]
[Termination "mattcolins2025 won by checkmate"]

1. d4 d5 2. c4 c6 3. Nc3 Nf6 4. Nf3 dxc4 5. a4 Bf5 6. Ne5 Nbd7 7. Nxc4 Qc7 8. f3 e5 9. e4 exd4 10. Qxd4 Be6 11. Be3 Bc5 12. Qd2 O-O 13. Bf4 Qc8 14. Nd6 Bxd6 15. Bxd6 Rd8 16. Be7 Re8 17. Ba3 Ne5 18.
Be2 Rd8 19. Qf4 Nd3+ 20. Bxd3 Rxd3 21. O-O Bb3 22. Be7 Ne8 23. Ra3 Qe6 24. Bh4 Bc4 25. Re1 Qd6 26. e5 Qd4+ 27. Qxd4 Rxd4 28. Bf2 Rd3 29. Nb1 Rxa3 30. Nxa3 Bb3 31. a5 Nc7 32. Re3 Be6 33. Rd3 Nd5 34. g3 b6 35. Rd1 bxa5 36.
Nc4 a4 37. Ra1 Nb6 38. Nxb6 axb6 39. Bxb6 Rb8 40. Bd4 Kf8 41. Rxa4 Bd5 42. f4 g6 43.
Kf2 Ke7 44. g4 h5 45. h3 hxg4 46. hxg4 Rh8 47. f5 Rh2+ 48. Kg3 Rg2+ 49. Kf4 gxf5 50. gxf5 Kd7 51. Ra7+ Kc8 52. e6 fxe6 53. f6 e5+ 54.
Kxe5 Re2+ 55. Kd6 Re6+ 56. Kc5 Re1 57. f7 Bxf7 58. Rxf7 Rc1+ 59. Kd6 Rd1 60. Kxc6 Kd8 61. Bc5 Rb1 62. Rf8# 1-0

[Event "*** SCC Grand Prix: Titled Tuesday Blitz"]
[Site "Chess.com"]
[Date "2020.07.21"]
[Round "7"]
[White "LedakovAlexandr"]
[Black "viniciusrego"]
[Result "1-0"]
[WhiteElo "2488"]
[BlackElo "2267"]
[TimeControl "180+1"]
[EndTime "11:18:18 PDT"]
[Termination "LedakovAlexandr won by checkmate"]

1. d4 Nf6 2. Nf3 g6 3. Nc3 Bg7 4. e4 d6 5. Be2 O-O 6. O-O c5 7. d5 e5 8. Nd2 Ne8 9. Nc4 f5 10. f4 Nd7 11. exf5 gxf5 12. fxe5 Nxe5 13. Bf4 Nxc4 14. Bxc4 Bd4+ 15. Kh1 Qf6 16. Rf3 Kh8 17. a4 a6 18. a5 Ng7 19. Rh3 Bd7 20. Rh6 Qf7 21.
Bxd6 Rg8 22. Ne2 Bxb2 23. Rb1 Bf6 24. Rxf6 Qxf6 25. Bxc5 Bb5 26. Bd4 Qd6 27. Bxb5 axb5 28. Rxb5 Qa3 29. Nf4 Rxa5 30. Rxb7 Qa4 31. Ne6 Rxd5 32.
Rxg7 Rxg7 33. Bxg7+ Kg8 34. Qxd5 Qxc2 35. Qd8+ Kf7 36.
Qf6+ Ke8 37. h4 Kd7 38. Qe5 Qd1+ 39. Kh2 Qe2 40. Qxe2 f4 41. Bf6 f3 42. Qxf3 Kxe6 43. Bg5 Ke5 44. Qf6+ Ke4 45. Qh6 Kd3 46. Qxh7+ Ke2 47.
Qf5 Ke1 48. h5 Ke2 49. Qc2+ Ke1 50. Qd2+ Kf1 51. Qb2 Ke1 52. Be3 Kd1 53. Qd2# 1-0

[Event "*** SCC Grand Prix: Titled Tuesday Blitz"]
[Site "Chess.com"]
[Date "2020.07.21"]
[Round "7"]
[White "Sjakkerntobi"]
[Black "Playgood28"]
[Result "1-0"]
[WhiteElo "2420"]
[BlackElo "2274"]
[TimeControl "180+1"]
[EndTime "11:18:20 PDT"]
[Termination "Sjakkerntobi won on time"]

1. e4 e5 2. Nf3 d6 3. d4 exd4 4. Nxd4 Nf6 5. Nc3 Be7 6. Bc4 O-O 7. O-O Nxe4 8. Nxe4 d5 9. Bd3 dxe4 10. Bxe4 Re8 11. c3 Bf6 12. Re1 c5 13. Nb5 Qxd1 14.
Rxd1 Rxe4 15. Nd6 Re6 16. Nxc8 Nc6 17. Nd6 Rd8 18. Bf4 b6 19. f3 g5 20. Bg3 Ne5 21.
Ne4 Be7 22. Rxd8+ Bxd8 23. Rd1 Be7 24. Rd7 f5 25. Bxe5 Rxe5 26. Nd2 Re2 27. Kf1 Re6 28. Rxa7 h5 29. a4 g4 30. Nc4 gxf3 31. gxf3 Bh4 32. Rb7 Re1+ 33. Kg2 Re2+ 34. Kh3 Bg5 35. Rxb6 Bf4 36.
Rg6+ Kh7 37. Rg2 Re6 38. a5 Re8 39. b4 cxb4 40. cxb4 Rc8 41. Rc2 Rb8 42. Nb6 Re8 43. a6 Re3 44. Kg2 Ra3 45. b5 Ra5 46. Nd5 Be5 47.
Re2 Bd6 48. Re6 Bc5 49. Nc7 1-0

[Event "*** SCC Grand Prix: Titled Tuesday Blitz"]
[Site "Chess.com"]
[Date "2020.07.21"]
[Round "7"]
[White "ChronicUnhappiness"]
[Black "MisiekZielony"]
[Result "1-0"]
[WhiteElo "2386"]
[BlackElo "2247"]
[TimeControl "180+1"]
[EndTime "11:18:20 PDT"]
[Termination "ChronicUnhappiness won on time"]

1. d4 d5 2. c4 c6 3. Nf3 Nf6 4. cxd5 cxd5 5. Nc3 Nc6 6. Bf4 e6 7. e3 Be7 8. Bd3 O-O 9. O-O Nh5 10. Be5 f5 11. Rc1 Nf6 12. Bxf6 Bxf6 13. Na4 Qd6 14. g3 Rb8 15. Nc5 b6 16. Na6 Ra8 17. a3 Bb7 18. b4 Rfc8 19. Qa4 Ne7 20. b5 g5 21. Nb4 Rc7 22. Rxc7 Qxc7 23. Na2 Qd7 24. Rc1 a5 25. Nc3 Rc8 26. Qd1 Rc7 27. Na4 Rxc1 28. Qxc1 Qd6 29. Qc3 Nc8 30. Ne5 Qd8 31. f4 gxf4 32. exf4 Bxe5 33. fxe5 Qg5 34. Qe1 f4 35. Kg2 fxg3 36.
Qxg3 Qxg3+ 37. Kxg3 Kg7 38. Kf4 Ba8 39. h4 h6 40. Be2 Bb7 41. Bg4 Kf7 42. Bh3 Ke7 43.
Kg4 Kf7 44. Kh5 Ke7 45. Kxh6 Kd7 46. Kg7 Kc7 47. h5 Ne7 48. h6 Bc8 49. h7 1-0

[Event "*** SCC Grand Prix: Titled Tuesday Blitz"]
[Site "Chess.com"]
[Date "2020.07.21"]
[Round "7"]
[White "FabianoCaruana"]
[Black "Micki-taryan"]
[Result "1/2-1/2"]
[WhiteElo "3057"]
[BlackElo "3045"]
[TimeControl "180+1"]
[EndTime "11:18:23 PDT"]
[Termination "Game drawn - insufficient material"]

1. e4 e5 2. Nf3 Nc6 3. Bb5 Nf6 4. d3 Bc5 5. Bxc6 dxc6 6. Nbd2 Nd7 7. Nc4 O-O 8. O-O Bd6 9. Kh1 c5 10. Ng1 Nb8 11.
Ne2 Nc6 12. f4 Bg4 13. c3 f5 14. exf5 Rxf5 15. Qe1 exf4 16. Nxf4 Bxf4 17. Bxf4 Rf7 18. Qe3 Qd5 19. Bg3 b6 20. Rxf7 Qxf7 21. Qe4 Rf8 22. h3 Bd7 23. Bxc7 h6 24. Bg3 Re8 25. Qf4 Qxf4 26. Bxf4 Re2 27. Kg1 Be6 28. Kf1 Rc2 29. Rc1 Bxc4 30. Rxc2 Bxd3+ 31. Re2 Kf7 32. Kf2 Bxe2 33.
Kxe2 Ke6 34. Kd3 Kd5 35. c4+ Ke6 36. Ke4 h5 37. Bd2 g6 38. Bc3 Ne7 39. Kf4 Nf5 40. g4 hxg4 41. hxg4 Nd6 42. b3 Nf7 43. a3 Kd6 44.
Bd2 Ke6 45. Be3 Ne5 46. Kg5 Kf7 47. Bf4 Nf3+ 48. Kh6 Nd4 49. b4 cxb4 50. axb4 Nc6 51. Bd6 a6 52. b5 axb5 53. cxb5 Nd4 54. Bc7 Nxb5 55. Bxb6 Nd6 56. Kg5 Nc4 57. Bd4 Na5 58. Kf4 Nc6 59. Be3 Ne7 60. Ke4 Ke6 61. Bf4 Nd5 62.
Be3 Nf6+ 63. Kf3 Nxg4 64. Kxg4 g5 65. Kxg5 1/2-1/2

[Event "*** SCC Grand Prix: Titled Tuesday Blitz"]
[Site "Chess.com"]
[Date "2020.07.21"]
[Round "7"]
[White "Oglob71"]
[Black "Xeniya2005"]
[Result "1-0"]
[WhiteElo "2521"]
[BlackElo "2383"]
[TimeControl "180+1"]
[EndTime "11:18:23 PDT"]
[Termination "Oglob71 won by checkmate"]

1. d4 Nf6 2. Nf3 b6 3. c4 Bb7 4. e3 e6 5. Bd3 d5 6. O-O Be7 7.
b3 O-O 8. Bb2 Nbd7 9. Nc3 c5 10.
cxd5 Nxd5 11. Qb1 h6 12. Rd1 Nxc3 13. Bxc3 Bxf3 14. gxf3 Qc7 15. Qb2 Rac8 16. Rac1 Nf6 17. Ba6 Rcd8 18. dxc5 bxc5 19. Be5 Qc6 20. Be2 Qb7 21.
Qc2 Nd5 22. Qe4 f6 23. Bg3 Kf7 24. Bc4 Rfe8 25. Qh4 g5 26. Qh3 Rh8 27. e4 f5 28.
exd5 h5 29. dxe6+ Kg6 30. Be5 Rhe8 31. Qg2 Qb6 32. f4 g4 33. Rd7 Qa5 34. Qd5 Qxa2 35. Rd1 Qa5 36. Qd2 Qa3 37. Qb2 Qa5 38. Rxd8 Rxd8 39.
Rxd8 Qxd8 40. Qc2 h4 41. Bd3 Qf8 42. Qe2 Kh5 43. h3 Bd8 44. hxg4+ fxg4 45. f5 Bf6 46. f3 Bxe5 47. fxg4+ Kg5 48. Qxe5 Kxg4 49. f6 Qd8 50. Qf5+ Kg3 51. Qe5+ Kg4 52. Be2+ Kh3 53. Qe3# 1-0

[Event "*** SCC Grand Prix: Titled Tuesday Blitz"]
[Site "Chess.com"]
[Date "2020.07.21"]
[Round "7"]
[White "ajian"]
[Black "Nayemhaque22"]
[Result "1-0"]
[WhiteElo "2428"]
[BlackElo "2204"]
[TimeControl "180+1"]
[EndTime "11:18:23 PDT"]
[Termination "ajian won by resignation"]

1. Nf3 d5 2. b3 Bg4 3. Bb2 Bxf3 4. gxf3 Nd7 5. d4 Ngf6 6. e3 e6 7. c4 c6 8. Bg2 g6 9. Nc3 Bg7 10. Qe2 O-O 11. O-O e5 12. dxe5 Nxe5 13. cxd5 cxd5 14. Rfd1 Qa5 15. f4 Nc6 16. Nxd5 Nxd5 17. Rxd5 Qc7 18. Bxg7 Kxg7 19. Rad1 Rad8 20. Qc2 Rxd5 21. Rxd5 Qe7 22. h3 Rd8 23. Qc3+ Kg8 24. Rxd8+ Nxd8 25. Qc8 Kg7 26. Kh2 a6 27. Qb8 f6 28. Qc8 h5 29. Bd5 Kh6 30. Bf3 g5 31. fxg5+ fxg5 32. Qf5 Nf7 33. Be4 Ne5 34.
f4 gxf4 35. exf4 Nf3+ 36. Bxf3 Qe3 37. Qxh5+ Kg7 38. Qg5+ Kf8 39. Qf6+ Ke8 40. Qe5+ Qxe5 41. fxe5 Ke7 42. Bxb7 Ke6 43. Bxa6 Kd5 44. Kg3 Kxe5 45. Bc4 Kf6 46. Kf4 Kg7 47. a4 Kh6 48. a5 Kh5 49. b4 Kh4 50. b5 1-0

[Event "*** SCC Grand Prix: Titled Tuesday Blitz"]
[Site "Chess.com"]
[Date "2020.07.21"]
[Round "7"]
[White "GadimbayliA"]
[Black "MiroVlasenko"]
[Result "1-0"]
[WhiteElo "2872"]
[BlackElo "2740"]
[TimeControl "180+1"]
[EndTime "11:18:25 PDT"]
[Termination "GadimbayliA won by resignation"]

1. e4 Nc6 2. Nf3 d6 3. d4 Nf6 4. Nc3 g6 5. Be2 Bg7 6. O-O O-O 7. d5 Nb8 8. Be3 Bg4 9. a4 c6 10. h3 Bxf3 11. Bxf3 Nbd7 12. Be2 Qc7 13. Qd2 a6 14. a5 cxd5 15. exd5 Ne5 16. Bb6 Nc4 17. Bxc7 Nxd2 18. Rfd1 Nfe4 19. Nxe4 Nxe4 20. c3 Nc5 21. Bb6 Rac8 22.
Bg4 f5 23. Bf3 Nd7 24. Be3 f4 25. Bd2 Ne5 26. Be4 g5 27. Ra4 Nc4 28. Bc1 Rc7 29. b3 Ne5 30. c4 Nd7 31. Bc2 Bc3 32. Rd3 Be5 33. Ra2 Rb8 34. Rd1 Kg7 35. Ba3 h6 36. Re1 Kf6 37. Kf1 Nc5 38. Ke2 h5 39. Kf3 Rg8 40. Ke2 e6 41. Rd1 exd5 42. Rxd5 Ne6 43. Bxd6 Bxd6 44. Rxd6 Rd8 45. Rxd8 Nxd8 46. Kd3 Ne6 47.
Kc3 Rd7 48. Ra1 g4 49. hxg4 hxg4 50. Rh1 Nd4 51. Rh6+ Kg5 52. Rh7 Ne2+ 53. Kb4 Rxh7 54. Bxh7 f3 55. gxf3 gxf3 56. Be4 Kf4 57. Bxb7 Nc1 58.
Kc3 Na2+ 59. Kb2 1-0

[Event "*** SCC Grand Prix: Titled Tuesday Blitz"]
[Site "Chess.com"]
[Date "2020.07.21"]
[Round "7"]
[White "DenLaz"]
[Black "BillieKimbah"]
[Result "0-1"]
[WhiteElo "2710"]
[BlackElo "2890"]
[TimeControl "180+1"]
[EndTime "11:18:26 PDT"]
[Termination "BillieKimbah won by checkmate"]

1. d4 d5 2. c4 e6 3. Nf3 c6 4. e3 Nd7 5. b3 Nh6 6. Bd3 f5 7. O-O Nf7 8. Qc2 Nf6 9. a4 a5 10. Ba3 Bxa3 11. Nxa3 O-O 12. Qb2 Ne4 13. b4 axb4 14. Qxb4 g5 15. Nc2 g4 16. Nd2 Qa5 17.
Qxa5 Rxa5 18. Nb3 Ra7 19. Bxe4 dxe4 20. a5 e5 21. Nc5 exd4 22. Nxd4 Nd6 23. Rfc1 Kf7 24.
Kf1 Re8 25. Ke2 Re5 26. Ncb3 Ra6 27. c5 Ne8 28. Nd2 Kf6 29. N4b3 Be6 30. Nd4 Bf7 31.
Rcb1 Ra7 32. a6 Rxa6 33. Rxa6 bxa6 34. Rb6 Rxc5 35. Nxc6 Kg5 36. Nd4 a5 37. f4+ gxf3+ 38. gxf3 exf3+ 39. N2xf3+ Kh5 40. Kf2 a4 41. Ra6 Ng7 42. Ne2 Ne6 43. Ng3+ Kg6 44. Rxa4 Rc2+ 45.
Ne2 Nc5 46. Rd4 Ne4+ 47. Ke1 Bc4 48. Nf4+ Kg7 49. Rd7+ Kf6 50. Rd1 Rf2 51. Nd2 Nxd2 52. Rxd2 Rf1# 0-1

[Event "*** SCC Grand Prix: Titled Tuesday Blitz"]
[Site "Chess.com"]
[Date "2020.07.21"]
[Round "7"]
[White "ketster"]
[Black "Karina_Ivanova"]
[Result "1-0"]
[WhiteElo "2359"]
[BlackElo "2178"]
[TimeControl "180+1"]
[EndTime "11:18:26 PDT"]
[Termination "ketster won on time"]

1. d4 Nf6 2. c4 e6 3. g3 Bb4+ 4.
Bd2 c5 5. Bxb4 cxb4 6. Bg2 O-O 7. e4 d6 8. Ne2 e5 9. a3 Nc6 10. axb4 Nxb4 11. Qd2 Nc6 12. d5 Ne7 13. O-O Qb6 14.
b4 Bg4 15. Rc1 Rfc8 16. Kf1 Rc7 17. f3 Bd7 18. Na3 Rac8 19. Rab1 Qa6 20. Qe3 b6 21.
Kf2 h5 22. Bf1 Ng6 23. Rc2 h4 24. Rbc1 hxg3+ 25. hxg3 Qa4 26. Rb2 a5 27. b5 Rc5 28.
Qd3 Ne7 29. Ra1 Ne8 30. Raa2 Nc7 31. Nc2 Qxc4 32. Qe3 Nxb5 33. Ng1 Qc3 34. Bxb5 Qxe3+ 35. Nxe3 Rxb5 36. Rxb5 Bxb5 37. Rb2 Rc5 38. Ne2 Bxe2 39. Kxe2 b5 40. Kd3 Nc8 41. Nf5 Kf8 42. Ra2 a4 43.
Ne3 g6 44. Nc2 Nb6 45. Nb4 Ke7 46. Nc6+ Kd7 47. Rb2 Kc7 48. f4 Nc4 49. Ra2 Nb6 50. fxe5 dxe5 51. Nxe5 1-0

[Event "*** SCC Grand Prix: Titled Tuesday Blitz"]
[Site "Chess.com"]
[Date "2020.07.21"]
[Round "7"]
[White "FMOlexandrProhorov"]
[Black "maiconramazzotte99"]
[Result "0-1"]
[WhiteElo "2114"]
[BlackElo "1772"]
[TimeControl "180+1"]
[EndTime "11:18:27 PDT"]
[Termination "maiconramazzotte99 won on time"]

1. e4 c5 2. c3 d6 3. d4 cxd4 4. cxd4 d5 5. Nc3 dxe4 6. Bc4 Nf6 7. Qb3 e6 8. Nge2 Nc6 9. Bg5 Nxd4 10. Nxd4 Qxd4 11.
Rd1 Qe5 12. Bb5+ Nd7 13. Be3 a6 14. Qa4 Qc7 15. Bb6 axb5 16. Qxa8 Nxb6 17. Qa5 Bd7 18. O-O Bd6 19. Nxb5 Bxb5 20. Qxb5+ Nd7 21. Rc1 Qb8 22. Rfd1 Ke7 23. Qg5+ Nf6 24. Qxg7 Rg8 25. Qh6 Bf4 26. Qh4 Bxc1 27. Rxc1 Qe5 28. Qh3 Qg5 29. Qa3+ Kd7 30.
Qa4+ Ke7 31. Qb4+ Ke8 32. g3 Qxc1+ 33. Kg2 Qc6 34. Qd4 e3+ 35. Kf1 exf2 36. Kxf2 Ne4+ 37.
Ke3 Rg5 38. Qh8+ Ke7 39. Qb8 Re5 40. Qxe5 Nd6 41. Qg5+ f6 42. Qg7+ Nf7 43. Qg8 Qb6+ 44. Kf3 Qxb2 45. Qc8 Qe5 46. Kg2 Qe4+ 47. Kh3 f5 48.
Qc7+ Kf6 49. Qc3+ e5 50. Qc1 Qg4+ 51. Kg2 Ng5 52. Qc7 Ne6 53. Qd7 Qe4+ 54. Kh3 h5 0-1

[Event "*** SCC Grand Prix: Titled Tuesday Blitz"]
[Site "Chess.com"]
[Date "2020.07.21"]
[Round "7"]
[White "Gareth-Bale11"]
[Black "RoelandPruijssers"]
[Result "1-0"]
[WhiteElo "2706"]
[BlackElo "2571"]
[TimeControl "180+1"]
[EndTime "11:18:28 PDT"]
[Termination "Gareth-Bale11 won by resignation"]

1. Nf3 f5 2. b4 e6 3. a3 Be7 4.
Bb2 Bf6 5. d4 Ne7 6. Nbd2 d5 7.
c4 a5 8. e3 O-O 9. Bd3 c6 10. O-O b6 11. Qe2 Bb7 12. Bc3 axb4 13. axb4 Nd7 14. Rxa8 Qxa8 15. Ra1 Qb8 16. Nf1 c5 17.
bxc5 bxc5 18. Ng3 g6 19. Qb2 Bc6 20. Qd2 dxc4 21. Bxc4 Nd5 22. Ne2 Kg7 23. Bxd5 Bxd5 24. Nf4 c4 25. Nxd5 exd5 26. Ra5 Qb1+ 27. Ne1 Nb6 28. h3 Ra8 29. Rxa8 Nxa8 30. Qc2 Qxc2 31. Nxc2 Nc7 32. Ba5 Nb5 33. Nb4 Nc3 34. Kf1 Kf7 35. Nc6 Ne4 36. f3 Nd6 37. Ke2 Ke6 38. g4 h5 39.
gxh5 gxh5 40. Bb4 Nb5 41. Na5 f4 42. Bc5 Bg5 43. e4 Nc3+ 44. Kd2 Nxe4+ 45. fxe4 f3+ 46. Ke1 dxe4 47. Nxc4 e3 48. Nxe3 Bxe3 49. d5+ Kxd5 50. Bxe3 Ke4 51. Kf2 h4 52. Bg5 Kf5 53. Bxh4 Kg6 1-0

[Event "*** SCC Grand Prix: Titled Tuesday Blitz"]
[Site "Chess.com"]
[Date "2020.07.21"]
[Round "7"]
[White "olksuna"]
[Black "LisikValera"]
[Result "1-0"]
[WhiteElo "2627"]
[BlackElo "2461"]
[TimeControl "180+1"]
[EndTime "11:18:28 PDT"]
[Termination "olksuna won on time"]

1. e4 e6 2. d4 d5 3. Bd3 dxe4 4. Bxe4 Nf6 5. Bf3 Bd6 6. Ne2 O-O 7. O-O e5 8. dxe5 Bxe5 9. c3 c6 10. Bf4 Bxf4 11. Nxf4 Bf5 12. Na3 Na6 13. Nc4 Qc7 14. Qd6 Rad8 15. Qxc7 Nxc7 16. Na5 Bc8 17. Rad1 g6 18. h4 Rfe8 19. g3 Kf8 20. Kg2 Rxd1 21.
Rxd1 Ke7 22. a4 Rd8 23. Rxd8 Kxd8 24. Kf1 Nce8 25. Nd3 Nd7 26. Ke2 Nd6 27. h5 Kc7 28. b4 h6 29. hxg6 fxg6 30. Nf4 Nf8 31. Nb3 b6 32. Nd4 Bd7 33. Nd3 Nf7 34. a5 Ne6 35.
Ke3 Nxd4 36. Kxd4 Kd6 37. c4 bxa5 38. c5+ Kc7 39. bxa5 Bf5 40. Ne5 Nd8 41. Kc4 g5 42.
Kb4 Be6 43. Bh5 Bd5 44. a6 Kc8 45. f4 gxf4 46. gxf4 Ne6 47. f5 Ng5 48. f6 Kd8 49. Bg4 Ke8 50. Bh5+ Kf8 51. Bg4 Kg8 52. Nd7 Kf7 53.
Nb6 Kxf6 54. Nc8 Ke5 55. Nxa7 1-0

[Event "*** SCC Grand Prix: Titled Tuesday Blitz"]
[Site "Chess.com"]
[Date "2020.07.21"]
[Round "7"]
[White "Dedic8"]
[Black "GM_dmitrij"]
[Result "1-0"]
[WhiteElo "2785"]
[BlackElo "2926"]
[TimeControl "180+1"]
[EndTime "11:18:29 PDT"]
[Termination "Dedic8 won on time"]

1. e4 c5 2. Nf3 d6 3. d4 cxd4 4. Nxd4 Nf6 5. Nc3 Nc6 6. Bg5 e6 7. Qd3 Bd7 8. Ndb5 Nb4 9. Qd1 Bxb5 10. Bxb5+ Nc6 11. O-O Be7 12. Qd2 O-O 13. Rad1 Rc8 14.
Bf4 Ne5 15. Rfe1 Qa5 16. Nd5 Qd8 17. Nxe7+ Qxe7 18. Qxd6 Qxd6 19. Rxd6 Ng6 20. Bd2 Rxc2 21. Bc3 Rc8 22. Ba4 R2xc3 23. bxc3 Kf8 24. e5 Ke7 25. Rd4 Nd5 26. c4 Nb6 27. Bb3 Nf8 28. Red1 g5 29.
h4 gxh4 30. Rxh4 Ng6 31. Re4 Rc5 32. f4 h5 33. g3 Rc8 34. Kf2 Nd7 35. Red4 Nc5 36.
Bc2 Nf8 37. Rh1 Na6 38. Rxh5 b5 39. Bb3 b4 40. Rh1 Nc5 41. Rhd1 a5 42. Rd6 a4 43. Bc2 Nfd7 44. Ke3 b3 45. axb3 axb3 46. Be4 Rb8 47. Rb1 Rg8 48. Rg1 Rb8 49. Bb1 b2 50. g4 Na4 51. Kd4 Ndc5 52. f5 Nb3+ 53. Ke3 Nbc5 54. f6+ Ke8 55. Rh1 1-0

[Event "*** SCC Grand Prix: Titled Tuesday Blitz"]
[Site "Chess.com"]
[Date "2020.07.21"]
[Round "7"]
[White "SanchezKelvin"]
[Black "GelmanAlexander"]
[Result "0-1"]
[WhiteElo "2392"]
[BlackElo "2578"]
[TimeControl "180+1"]
[EndTime "11:18:29 PDT"]
[Termination "GelmanAlexander won by resignation"]

1. d4 Nf6 2. c4 c5 3. d5 b5 4. cxb5 a6 5. bxa6 e6 6. Nc3 exd5 7. Nxd5 Nxa6 8. Bg5 Bb7 9. Bxf6 gxf6 10. Nf3 Qa5+ 11. Nc3 Nb4 12. e3 Rg8 13. Bb5 Rd8 14. O-O Qa8 15.
e4 f5 16. Ne5 Nc6 17. Nxc6 dxc6 18. Qe2 cxb5 19. exf5+ Kd7 20. Rad1+ Kc7 21. Nxb5+ Kb6 22. f3 Rxd1 23. Qxd1 Kxb5 24. Qb3+ Ka6 25. Qc4+ Kb6 26. Qb3+ Ka7 27. Qa4+ Ba6 28. Rd1 Qxf3 29. Rd7+ Kb8 30.
Rd8+ Bc8 31. Rxc8+ Kxc8 32. Qe8+ Kc7 33. Qxf7+ Kb6 34.
Qxg8 Qxf5 35. Qb3+ Kc6 36. Qa4+ Kb6 37. Qb3+ Kc7 38.
g3 Bg7 39. Qa3 Bd4+ 40. Kg2 Qc2+ 41. Kh3 Qf5+ 42. Kg2 Qe4+ 43. Kh3 Qe6+ 44. Kg2 Qe2+ 45. Kh3 Qxb2 46. Qa8 Qb8 47. Qa5+ Kc6 48. Qa6+ Kd5 49.
Qh6 Qc8+ 50. g4 Kc4 51. Qxh7 Kc3 52. Qe4 Qa6 53. g5 Qd3+ 54. Qxd3+ Kxd3 55. Kg4 c4 56. h4 c3 57. h5 c2 0-1

[Event "*** SCC Grand Prix: Titled Tuesday Blitz"]
[Site "Chess.com"]
[Date "2020.07.21"]
[Round "7"]
[White "stanyga"]
[Black "KobyKalavannan"]
[Result "1-0"]
[WhiteElo "2605"]
[BlackElo "2706"]
[TimeControl "180+1"]
[EndTime "11:18:31 PDT"]
[Termination "stanyga won by checkmate"]

1. e4 c5 2. Nf3 Nc6 3. Bb5 Nf6 4.
Nc3 Qc7 5. O-O Nd4 6. Re1 a6 7.
Bf1 d6 8. Nxd4 cxd4 9. Nd5 Nxd5 10. exd5 e5 11. dxe6 Bxe6 12. b3 Be7 13. Bb2 Bf6 14. Bd3 O-O 15. Qf3 Qc5 16. a4 Qc6 17. Be4 d5 18.
Bd3 Rfe8 19. Qf4 Qc5 20. a5 Rad8 21. h3 h6 22. Ra4 Bd7 23. Rxe8+ Rxe8 24. Bxd4 Re1+ 25.
Kh2 Bxa4 26. Bxc5 Be5 27. Qxe5 Rxe5 28. bxa4 d4 29. Bb6 f5 30. f4 Re1 31. Bxd4 g6 32.
Kg3 Kf7 33. Kf2 Rb1 34. Bc4+ Ke7 35. Bb3 g5 36. Bg7 gxf4 37. Bxh6 Kd6 38. Bxf4+ Kc5 39. h4 Kb4 40. h5 Rh1 41. h6 Kxa5 42. Bg8 Rh4 43.
h7 Kxa4 44. Be5 Ka3 45. h8=Q Rxh8 46. Bxh8 b5 47. Be6 a5 48. Bxf5 b4 49. Be6 a4 50.
g4 b3 51. cxb3 axb3 52. Bxb3 Kxb3 53. g5 Kc4 54. g6 Kd3 55. g7 Kc2 56. g8=Q Kd1 57.
Qg4+ Kc2 58. d4 Kd3 59. d5 Kc2 60. Qd4 Kb3 61. Qc3+ Ka4 62. Qb2 Ka5 63. Ke3 Ka6 64.
Kd4 Ka7 65. Kc5 Ka8 66. Kc6 Ka7 67. Qb7# 1-0

[Event "*** SCC Grand Prix: Titled Tuesday Blitz"]
[Site "Chess.com"]
[Date "2020.07.21"]
[Round "7"]
[White "bratkoo"]
[Black "kobemagic"]
[Result "1-0"]
[WhiteElo "2475"]
[BlackElo "2324"]
[TimeControl "180+1"]
[EndTime "11:18:31 PDT"]
[Termination "bratkoo won on time"]

1. e4 Nf6 2. e5 Nd5 3. d4 d6 4. c4 Nb6 5. Nf3 Bg4 6. exd6 exd6 7. h3 Bh5 8. Nc3 Nc6 9. Be2 Be7 10. O-O O-O 11.
d5 Bxf3 12. Bxf3 Ne5 13. b3 f5 14. Bb2 Bf6 15. Be2 Nbd7 16. f4 Ng6 17. Qc2 a5 18. Nb5 Bxb2 19. Qxb2 Nc5 20. Rae1 Ne4 21. Bd3 Nc5 22.
Bc2 Rc8 23. Nd4 Qf6 24. Bxf5 Rce8 25. Qd2 Kh8 26. Bxg6 hxg6 27. Nf3 Rxe1 28. Rxe1 Kg8 29. g3 Qf5 30. Kg2 b6 31. Re7 Rf7 32. Re8+ Rf8 33. Rxf8+ Kxf8 34. Qe2 Qb1 35. Ng5 Nd3 36. h4 Ne1+ 37. Kh3 Nd3 38. Kg2 Ne1+ 39. Kh2 Nd3 40. Ne6+ Kg8 41. Nxc7 Kh7 42. Ne6 Nc5 43. Ng5+ Kh6 44.
Nf7+ Kh7 45. Qe8 Qc2+ 46. Kh3 Qf5+ 47. Kg2 Qc2+ 48. Kf3 Qd3+ 49. Qe3 Qf1+ 50. Kg4 Qd1+ 51. Qf3 Qb1 52. Ng5+ Kh6 53. Nf7+ Kh7 54. Nxd6 Nb7 55. Qe4 Qd1+ 56. Kh3 Nxd6 57. Qg2 Qd2 58. Qxd2 Nf5 59. g4 1-0

[Event "*** SCC Grand Prix: Titled Tuesday Blitz"]
[Site "Chess.com"]
[Date "2020.07.21"]
[Round "7"]
[White "IANOV0007"]
[Black "chessbia"]
[Result "1-0"]
[WhiteElo "2426"]
[BlackElo "2201"]
[TimeControl "180+1"]
[EndTime "11:18:31 PDT"]
[Termination "IANOV0007 won by resignation"]

1. Nf3 d5 2. g3 g6 3. Bg2 Bg7 4.
O-O e5 5. d3 Ne7 6. Nbd2 O-O 7.
e4 c6 8. Re1 Nd7 9. b4 a5 10.
bxa5 Qxa5 11. Bb2 f6 12. a4 Nb6 13. Nb3 Qa7 14. a5 Nd7 15. Ba3 Re8 16. Qd2 Nf8 17. Bc5 Qb8 18. Qb4 Qc7 19. Bb6 Qd7 20. Nc5 Qg4 21. h3 Qh5 22. g4 Qh6 23. c4 dxe4 24.
dxe4 g5 25. Bc7 Neg6 26. Ra3 Nf4 27. Nh2 Nxg2 28. Kxg2 Ng6 29. Nd3 Bf8 30. Bd6 Qg7 31. c5 h5 32. f3 Nh4+ 33. Kg3 hxg4 34. fxg4 Rd8 35. Nf3 Nxf3 36. Kxf3 Qh7 37. Nf2 Bxd6 38. cxd6 Qd7 39. Rd1 Kg7 40. Rad3 Qe6 41. R1d2 Rd7 42.
Nh1 Kg6 43. Ng3 Rh7 44. Kg2 Ra6 45. Nf5 Qe8 46. Ne7+ Kf7 47. Nxc8 Qxc8 48. d7 Qd8 49. Qc4+ Kg6 50. Rd6 Rxa5 51. Qe6 Rf7 52. Qf5+ Kg7 53. Re6 Ra8 54. Re8 Qxe8 55. dxe8=Q Rxe8 56. Rd7 Ree7 57.
Rxe7 Rxe7 58. Qc8 Kg6 59. Qg8+ Rg7 60. Qe8+ Rf7 61. Kg3 Kg7 62. Qc8 Re7 63. h4 gxh4+ 64. Kxh4 Kg6 65. Qg8+ Rg7 66. Qe8+ Rf7 67. Qe6 Kg7 68.
g5 fxg5+ 69. Kxg5 Rf1 70. Qxe5+ Kf7 71. Qc7+ Ke6 72. Qxb7 Rg1+ 73. Kf4 Kd6 74. Qb8+ 1-0